[Event "*** SCC Grand Prix: Titled Tuesday Blitz"]
[Site "Chess.com"]
[Date "2020.07.07"]
[Round "5"]
[White "Zarinur"]
[Black "canary2016"]
[Result "0-1"]
[WhiteElo "2033"]
[BlackElo "1919"]
[TimeControl "180+1"]
[EndTime "10:55:33 PDT"]
[Termination "canary2016 won by resignation"]

1. e4 c6 2. d4 d5 3. Bd3 dxe4 4.
Bxe4 Nf6 5. Bf3 Bf5 6. Ne2 e6 7. Bf4 Bd6 8. Bxd6 Qxd6 9. O-O O-O 10. c3 Nbd7 11. Nd2 Rfe8 12. Nc4 Qc7 13. Ng3 Bg6 14. Re1 Rad8 15. Qb3 c5 16. Qxb7 Qxb7 17. Bxb7 cxd4 18. cxd4 Nb6 19. Nxb6 axb6 20. Bc6 Re7 21. Rad1 Rc7 22. Ba4 Rc4 23. Bb3 Rcxd4 24. Rc1 h6 25. Rc6 Rd2 26.
Rxb6 Rxb2 27. h3 Rdd2 28. Nh1 Ne4 29. Rf1 Nc3 30. Re1 Bd3 31. a3 Bc2 32. Rexe6 Bxb3 33. Re8+ Kh7 34. Reb8 Rb1+ 35. Kh2 Rdd1 36. Rxb3 Rxh1+ 37. Kg3 Ne2+ 38. Kf3 Nd4+ 39. Ke4 Nxb3 0-1

[Event "*** SCC Grand Prix: Titled Tuesday Blitz"]
[Site "Chess.com"]
[Date "2020.07.07"]
[Round "5"]
[White "Tashik"]
[Black "shnitez"]
[Result "1-0"]
[WhiteElo "2384"]
[BlackElo "2501"]
[TimeControl "180+1"]
[EndTime "10:55:35 PDT"]
[Termination "Tashik won on time"]

1. c4 e5 2. Nc3 Nc6 3. Nf3 Nf6 4. e4 g6 5. d4 exd4 6. Nxd4 Nxd4 7. Qxd4 d6 8. Bg5 Bg7 9. Nd5 Nh5 10. Qxg7 Nxg7 11. Bxd8 Kxd8 12. O-O-O Be6 13. Ne3 Kd7 14. Be2 Rae8 15. h4 h6 16. f4 f5 17. e5 Ke7 18.
exd6+ cxd6 19. Bf3 b6 20. b3 Rd8 21. Kb2 Kf7 22. Rhe1 Ne8 23. Bd5 Bxd5 24. Nxd5 Rd7 25. Nb4 Nf6 26. Nc6 Re8 27. a4 h5 28. Ka3 Ne4 29.
Ne5+ Ke6 30. Nxd7 Kxd7 31. a5 bxa5 32. c5 Rb8 33. cxd6 Rb6 34. Rd5 Ra6 35. Rc1 Nxd6 36. Rcc5 1-0

[Event "*** SCC Grand Prix: Titled Tuesday Blitz"]
[Site "Chess.com"]
[Date "2020.07.07"]
[Round "5"]
[White "AccioChess"]
[Black "jonychess03"]
[Result "1-0"]
[WhiteElo "2487"]
[BlackElo "2317"]
[TimeControl "180+1"]
[EndTime "10:55:35 PDT"]
[Termination "AccioChess won on time"]

1. e4 e6 2. d4 d5 3. Nd2 Nf6 4. e5 Nfd7 5. c3 c5 6. Bd3 Nc6 7. Ne2 Qb6 8. Nf3 cxd4 9. cxd4 Bb4+ 10. Bd2 Bxd2+ 11. Qxd2 f6 12. exf6 Nxf6 13. O-O O-O 14. h3 Bd7 15. Rae1 Rae8 16. Nc3 a6 17. Bb1 Qc7 18. Re3 Qd6 19. Rfe1 b5 20. Ne5 Bc8 21. Ne2 Ne7 22. Ng3 Nf5 23. Nxf5 exf5 24. f3 f4 25.
R3e2 Nh5 26. Nd3 Rxe2 27. Qxe2 Bd7 28. Qe5 Qb6 29. Nc5 Re8 30. Qxd5+ 1-0

[Event "*** SCC Grand Prix: Titled Tuesday Blitz"]
[Site "Chess.com"]
[Date "2020.07.07"]
[Round "5"]
[White "Semen_Khanin"]
[Black "Zq1"]
[Result "1-0"]
[WhiteElo "2713"]
[BlackElo "2517"]
[TimeControl "180+1"]
[EndTime "10:55:36 PDT"]
[Termination "Semen_Khanin won on time"]

1. e4 c5 2. Nf3 d6 3. d4 cxd4 4. Nxd4 Nf6 5. Nc3 Nc6 6. Bg5 e6 7. Qd2 Be7 8. O-O-O Nxd4 9. Qxd4 a6 10. f3 b5 11. h4 Bb7 12. g4 Rc8 13. Be3 Qc7 14. g5 Nh5 15. Bh3 O-O 16. Bg4 Ng3 17. Rh2 d5 18.
exd5 Nf5 19. Bxf5 Qxh2 20. dxe6 Rcd8 21. exf7+ Kh8 22. Qg4 b4 23. Qh5 g6 24. Bxg6 Rxf7 25. Rxd8+ Bxd8 26. Bd4+ Kg8 27. Bxf7+ Kf8 28. Nd1 Qf4+ 29.
Be3 Qxf7 30. Qh6+ Kg8 31. f4 Bc7 32. h5 Bxf4 33. g6 Bxe3+ 34. Nxe3 hxg6 35. hxg6 Qe7 36. b3 1-0

[Event "*** SCC Grand Prix: Titled Tuesday Blitz"]
[Site "Chess.com"]
[Date "2020.07.07"]
[Round "5"]
[White "BakaPG"]
[Black "ace_mar"]
[Result "1-0"]
[WhiteElo "2657"]
[BlackElo "2436"]
[TimeControl "180+1"]
[EndTime "10:55:36 PDT"]
[Termination "BakaPG won by resignation"]

1. e4 e5 2. Nf3 Nc6 3. Bb5 a6 4. Ba4 Nf6 5. O-O Be7 6. Re1 b5 7. Bb3 d6 8. a4 Bd7 9. c3 O-O 10. d3 Re8 11. Nbd2 Bf8 12. Nf1 g6 13. Ne3 Bg7 14.
h3 Na5 15. Bc2 c5 16. Bd2 Qc7 17. Nh2 Be6 18. Nhg4 Nxg4 19. hxg4 Qb7 20. axb5 axb5 21. c4 Nc6 22. cxb5 Nd4 23. Rxa8 Rxa8 24. Ba4 Nxb5 25. Bb3 Nd4 26. Bxe6 fxe6 27. Bc3 d5 28. exd5 exd5 29. g5 Nb3 30. Ng4 d4 31. Bd2 Qd5 32. Qe2 Ra2 33. Bf4 e4 34. dxe4 Qf7 35. Be5 c4 36. Bxg7 Kxg7 37. Nf6 d3 38. Qg4 d2 39. Rd1 Rxb2 40. Qc8 Rc2 41. Kh2 Rc1 42. Rxd2 Nxd2 43. e5 c3 44. e6 Qf8 45. Qd7+ 1-0

[Event "*** SCC Grand Prix: Titled Tuesday Blitz"]
[Site "Chess.com"]
[Date "2020.07.07"]
[Round "5"]
[White "ChessQueen"]
[Black "tlomigtlis"]
[Result "1-0"]
[WhiteElo "2655"]
[BlackElo "2361"]
[TimeControl "180+1"]
[EndTime "10:55:36 PDT"]
[Termination "ChessQueen won by checkmate"]

1. e4 c5 2. c3 d5 3. exd5 Qxd5 4. d4 Nc6 5. Nf3 Bf5 6. Be3 Nf6 7. Na3 e6 8. dxc5 O-O-O 9. Bc4 Qxd1+ 10. Rxd1 Rxd1+ 11. Kxd1 Ng4 12. Nb5 Nxe3+ 13. fxe3 Bxc5 14. Nbd4 Rd8 15. Ke2 Nxd4+ 16. exd4 Bd6 17. h3 Bc7 18. g4 Be4 19.
Rf1 h6 20. Nh4 g5 21. Nf3 Re8 22. Bd3 Bd5 23. c4 Bc6 24. Ne5 Bxe5 25. dxe5 Re7 26. Rf6 Kd8 27. Rxh6 Rd7 28. Ke3 Ke7 29. h4 gxh4 30.
g5 Rd8 31. Rxh4 Rg8 32. Kf4 a6 33. Rh7 Kd8 34. Rxf7 Kc8 35. g6 Be8 36. Rf6 Kd7 37. Kg5 Ke7 38. Be4 b5 39. c5 Bd7 40. c6 Bc8 41.
Rf7+ Ke8 42. Kf6 b4 43. g7 a5 44. Bh7 a4 45. Bxg8 a3 46. bxa3 bxa3 47. Re7+ Kd8 48. Bf7 Ba6 49. g8=Q# 1-0

[Event "*** SCC Grand Prix: Titled Tuesday Blitz"]
[Site "Chess.com"]
[Date "2020.07.07"]
[Round "5"]
[White "Susal_De_Silva"]
[Black "Evachess2006"]
[Result "1-0"]
[WhiteElo "2351"]
[BlackElo "1619"]
[TimeControl "180+1"]
[EndTime "10:55:37 PDT"]
[Termination "Susal_De_Silva won by resignation"]

1. e4 e5 2. Nf3 Nc6 3. Bc4 Bc5 4. c3 d6 5. O-O Nf6 6. d4 exd4 7. cxd4 Bb6 8. Nc3 O-O 9. Bg5 Bg4 10. Nd5 Bxd4 11. Bb5 h6 12. Bh4 Be5 13. h3 Bxf3 14. Qxf3 Nd4 15.
Qd3 Nxb5 16. Qxb5 c6 17. Nxf6+ Bxf6 18. Bxf6 cxb5 19. Bxd8 Raxd8 20. Rfd1 Rfe8 21. f3 Re6 22. Rd5 Rd7 23. Rxb5 a6 24. Rd5 Re5 25. Rd2 Rc5 26. Rad1 d5 27. exd5 Rd6 28. Kf2 Kf8 29. Ke3 Ke7 30. Rd4 Rc2 31. Rb4 Rxg2 32. Rxb7+ Kf6 33. Rc7 Rg5 34. Rc6 Re5+ 35. Kf4 Rxc6 36. dxc6 Rc5 37. Rd6+ Ke7 38. Rd7+ Ke8 39. Rc7 Kd8 40. Rxf7 Rxc6 41. Rxg7 Rf6+ 42. Kg4 Re6 43. Ra7 Re1 44. Rxa6 Re2 45.
b4 Rb2 46. a3 Rb3 47. f4 h5+ 48. Kxh5 Rxh3+ 49. Kg6 Rf3 50. f5 Rg3+ 51. Kf7 Kd7 52.
b5 Rb3 53. a4 Rf3 54. f6 Rf5 55. b6 Rf4 56. a5 Rb4 57. Ra7+ Kc6 58. Rc7+ Kb5 59.
b7 Kxa5 60. Ke8 Ka6 61. f7 Ka7 1-0

[Event "*** SCC Grand Prix: Titled Tuesday Blitz"]
[Site "Chess.com"]
[Date "2020.07.07"]
[Round "5"]
[White "rpragchess"]
[Black "Muracle"]
[Result "1-0"]
[WhiteElo "2810"]
[BlackElo "2613"]
[TimeControl "180+1"]
[EndTime "10:55:38 PDT"]
[Termination "rpragchess won by resignation"]

1. e4 g6 2. d4 Bg7 3. Nf3 a6 4.
Bc4 e6 5. O-O Ne7 6. Nbd2 d6 7. Re1 b6 8. Bb3 Bb7 9. c3 Nd7 10. Nf1 h6 11. Ng3 O-O 12. h4 Nc6 13. Be3 Na5 14. Bc2 Nc4 15. Bc1 e5 16. h5 c5 17. b3 Na5 18. d5 Bc8 19. Bd2 Nf6 20.
Nh2 Nb7 21. Rf1 g5 22. Qf3 Qe7 23. Rae1 b5 24. c4 bxc4 25. bxc4 Bd7 26. Rb1 Rfb8 27.
Qa3 Qd8 28. Rb2 Qc7 29. Rfb1 Nd8 30. Ba5 Qc8 31. Bb6 Ne8 32. Nhf1 Nb7 33. Ne3 a5 34. Ba4 Bf8 35. Ngf5 Nc7 36. Bxd7 Qxd7 37. Ng4 Bg7 38. Nfxh6+ Bxh6 39. Nf6+ 1-0

[Event "*** SCC Grand Prix: Titled Tuesday Blitz"]
[Site "Chess.com"]
[Date "2020.07.07"]
[Round "5"]
[White "random_mango"]
[Black "PotapovaM"]
[Result "1-0"]
[WhiteElo "2385"]
[BlackElo "2496"]
[TimeControl "180+1"]
[EndTime "10:55:38 PDT"]
[Termination "random_mango won on time"]

1. e4 c5 2. Nf3 d6 3. d4 cxd4 4. Qxd4 Nc6 5. Bb5 Bd7 6. Qd3 g6 7. c4 Bg7 8. Nc3 Nf6 9. O-O O-O 10. h3 a6 11. Bxc6 Bxc6 12. Be3 Nd7 13. Nd4 Nc5 14.
Qc2 Rc8 15. Rac1 Ne6 16. Rfd1 Qa5 17. Qd2 Kh8 18. Nxe6 fxe6 19. Bd4 Bxd4 20. Qxd4+ e5 21. Qe3 Kg8 22. h4 Rf4 23. g3 Rf6 24. h5 Kg7 25.
Nd5 Bxd5 26. cxd5 Rcf8 27. Rd2 h6 28. Kg2 Rf3 29. Qe2 g5 30. Qe1 g4 31. Rdc2 Qb6 32.
Rd1 R8f7 33. Rdd2 Qb4 34. Re2 Rxf2+ 35. Qxf2 Rxf2+ 36. Kxf2 Qd4+ 37. Kg2 Qd3 38. Kh2 a5 39.
Rcd2 Qf3 40. Rc2 a4 41. Rf2 Qxe4 42. Rc7 Qe3 43. Rxe7+ Kg8 44. Re8+ Kg7 45. Re7+ Kg8 46. Ref7 1-0

[Event "*** SCC Grand Prix: Titled Tuesday Blitz"]
[Site "Chess.com"]
[Date "2020.07.07"]
[Round "5"]
[White "mfwagnerpeixoto"]
[Black "sergeikim"]
[Result "0-1"]
[WhiteElo "2216"]
[BlackElo "2407"]
[TimeControl "180+1"]
[EndTime "10:55:38 PDT"]
[Termination "sergeikim won by resignation"]

1. e4 e5 2. Nf3 Nc6 3. Bb5 a6 4.
Ba4 Nf6 5. d4 exd4 6. O-O Be7 7.
Re1 O-O 8. e5 Ne8 9. Nxd4 Nxd4 10. Qxd4 d5 11. exd6 Nxd6 12. Nc3 Bf6 13. Qd3 Bf5 14.
Qg3 b5 15. Bb3 Nc4 16. Bxc4 bxc4 17. Bf4 Bxc2 18. Bxc7 Qd3 19. Rac1 Rfe8 20. h3 Qxg3 21.
Bxg3 Bd3 22. Nd5 Bxb2 23. Rcd1 Rxe1+ 24. Rxe1 f6 25. Re7 Rd8 26. Nb4 c3 27. Rc7 Bb5 28.
a4 Bxa4 29. Nxa6 c2 30. Bf4 Rd1+ 31. Kh2 c1=Q 32. Bxc1 Bxc1 33. Nc5 Bf4+ 0-1

[Event "*** SCC Grand Prix: Titled Tuesday Blitz"]
[Site "Chess.com"]
[Date "2020.07.07"]
[Round "5"]
[White "PawnEatingZombie"]
[Black "kingofkolkata"]
[Result "0-1"]
[WhiteElo "2197"]
[BlackElo "2406"]
[TimeControl "180+1"]
[EndTime "10:55:38 PDT"]
[Termination "kingofkolkata won on time"]

1. d4 d5 2. c4 e6 3. Nc3 Nf6 4. cxd5 exd5 5. Bg5 Be7 6. e3 c6 7. Bd3 O-O 8. Qc2 h6 9. Bh4 Re8 10. Nge2 Nbd7 11. f3 Bf8 12. Bf2 c5 13. O-O g6 14.
dxc5 Nxc5 15. Nd4 Nxd3 16. Qxd3 Bg7 17. Rfd1 a6 18. Rac1 Qe7 19. Nce2 Be6 20. Nf4 Bd7 21. Qb3 Bc6 22. Nxc6 bxc6 23. Rxc6 Rab8 24. Rb6 Rxb6 25. Qxb6 Rd8 26. b3 g5 27. Nd3 g4 28. Qxa6 gxf3 29. gxf3 Nh5 30. Kh1 d4 31. e4 Kh7 32. Qb5 Nf6 33.
Qf5+ Kh8 34. Rc1 Qa7 35. a4 Qb6 36. Ne5 Kg8 37. Bh4 d3 38. Rc8 d2 39. Rxd8+ Qxd8 0-1

[Event "*** SCC Grand Prix: Titled Tuesday Blitz"]
[Site "Chess.com"]
[Date "2020.07.07"]
[Round "5"]
[White "CroissantNeuf"]
[Black "Harry_Rakkel"]
[Result "1-0"]
[WhiteElo "2420"]
[BlackElo "2552"]
[TimeControl "180+1"]
[EndTime "10:55:39 PDT"]
[Termination "CroissantNeuf won by checkmate"]

1. e4 c5 2. Nf3 d6 3. Bb5+ Bd7 4. Bxd7+ Nxd7 5. c3 Ngf6 6. Qe2 e6 7. d4 Be7 8. e5 dxe5 9. dxe5 Nd5 10. c4 Nb4 11. O-O Qc7 12. Rd1 h6 13. Nc3 a6 14. Bf4 g5 15. Bg3 g4 16. Nd2 h5 17. Nd5 Qd8 18.
Nxe7 Qxe7 19. Ne4 O-O-O 20. Nd6+ Kb8 21. Qe4 Nc6 22. a3 Ka8 23. b4 f6 24. Nxb7 Kxb7 25.
b5 Nb8 26. bxc6+ Ka7 27. exf6 Qxf6 28. Rab1 Rxd1+ 29. Rxd1 h4 30. Be5 Rd8 31. Rb1 Qf7 32.
c7 Rf8 33. Qb7# 1-0

[Event "*** SCC Grand Prix: Titled Tuesday Blitz"]
[Site "Chess.com"]
[Date "2020.07.07"]
[Round "5"]
[White "pavelalexandru07"]
[Black "Kotofeyca"]
[Result "0-1"]
[WhiteElo "2162"]
[BlackElo "2354"]
[TimeControl "180+1"]
[EndTime "10:55:39 PDT"]
[Termination "Kotofeyca won by resignation"]

1. e4 c5 2. Nf3 d6 3. d4 cxd4 4.
Nxd4 Nf6 5. Nc3 a6 6. Bg5 e6 7. f4 Qb6 8. Qd2 Nc6 9. Bxf6 gxf6 10.
Nb3 Be7 11. O-O-O O-O 12. g4 Kh8 13. h4 Na5 14. Bd3 Nxb3+ 15. cxb3 Bd7 16. Kb1 Qa5 17. f5 Rg8 18. Rhg1 Qe5 19. Bc2 Rac8 20. Ne2 Bc6 21. Nc3 b5 22. Rde1 b4 23. Nd1 a5 24. Nf2 Bb5 25. g5 Rc5 26. Ng4 Rxc2 27. Kxc2 Qc5+ 28.
Kb1 fxg5 29. hxg5 Bxg5 30. Qc2 Qd4 31. fxe6 Bd3 32. exf7 Bxc2+ 33. Kxc2 Rf8 34. Rgf1 Kg7 35. Rf5 h6 36. Re2 Rc8+ 0-1

[Event "*** SCC Grand Prix: Titled Tuesday Blitz"]
[Site "Chess.com"]
[Date "2020.07.07"]
[Round "5"]
[White "RodinMihail"]
[Black "LikeWater"]
[Result "1-0"]
[WhiteElo "2489"]
[BlackElo "2645"]
[TimeControl "180+1"]
[EndTime "10:55:40 PDT"]
[Termination "RodinMihail won on time"]

1. e4 c5 2. Nf3 e6 3. d4 cxd4 4.
Nxd4 Nc6 5. Nb5 d6 6. Bf4 e5 7. Be3 a6 8. N5c3 Nf6 9. Bc4 Be7 10. Nd5 Nxd5 11. Bxd5 O-O 12. O-O Kh8 13. c3 Bg5 14. Bxg5 Qxg5 15. Qd2 Qg6 16. Na3 Ne7 17. Nc4 f5 18. f3 Rb8 19. Nb6 Be6 20. Rad1 Rbd8 21. Bxe6 Qxe6 22. Nd5 Nxd5 23. Qxd5 Qe7 24. exf5 Rxf5 25.
Rfe1 h6 26. c4 Rff8 27. Re4 Qc7 28. b3 Rfe8 29. h3 Rf8 30. Rd3 Rfe8 31. Re2 Rf8 32. Qe4 Qe7 33. Rd5 Qg5 34. Qe3 Qf5 35. Red2 Rf6 36.
Rxe5 dxe5 37. Rxd8+ Kh7 38. Qd3 Kg6 39. Qxf5+ Kxf5 40. Rd7 b5 41. c5 b4 42. Rxg7 Rc6 43. Rb7 a5 44. Rb5 e4 45. fxe4+ Kxe4 46. Rxa5 Kd3 47. Rb5 Kc3 48. Kh2 Ra6 49. Rb6 Ra5 50. c6 Rc5 51.
g4 h5 52. Kg3 Kb2 53. Rxb4 hxg4 54. Rc4 1-0

[Event "*** SCC Grand Prix: Titled Tuesday Blitz"]
[Site "Chess.com"]
[Date "2020.07.07"]
[Round "5"]
[White "XiaoKangZhong"]
[Black "Morshynska"]
[Result "1-0"]
[WhiteElo "2399"]
[BlackElo "2184"]
[TimeControl "180+1"]
[EndTime "10:55:40 PDT"]
[Termination "XiaoKangZhong won on time"]

1. e4 Nc6 2. d4 d6 3. Nc3 g6 4. g3 Bg7 5. Nge2 Bg4 6. Qd3 a6 7. Bg2 e5 8. d5 Nce7 9. O-O Qd7 10. a4 Bh3 11. Be3 h5 12. f3 Bxg2 13. Kxg2 h4 14. g4 f5 15. h3 Bh6 16. Bxh6 Nxh6 17. b4 a5 18. bxa5 Rxa5 19. Nb5 Ra8 20. Kh2 f4 21. c4 b6 22. Qc3 Ra5 23. Nc1 Kf7 24. Nb3 Raa8 25.
a5 bxa5 26. Nxa5 c6 27. dxc6 Nxc6 28. Nxc6 Qxc6 29. Qb4 Rxa1 30. Rxa1 Rd8 31. Ra7+ Kg8 32. Nc3 Nf7 33. Nd5 Kf8 34. Kg2 Ng5 35. Nf6 1-0

[Event "*** SCC Grand Prix: Titled Tuesday Blitz"]
[Site "Chess.com"]
[Date "2020.07.07"]
[Round "5"]
[White "WilliamSchill"]
[Black "NowInChess"]
[Result "0-1"]
[WhiteElo "1962"]
[BlackElo "2134"]
[TimeControl "180+1"]
[EndTime "10:55:40 PDT"]
[Termination "NowInChess won by resignation"]

1. e4 e6 2. d4 d5 3. Nc3 Nc6 4. Nf3 Nf6 5. e5 Ne4 6. Bd3 Bb4 7. Bd2 Nxd2 8. Qxd2 f6 9. a3 Bxc3 10. Qxc3 fxe5 11.
dxe5 O-O 12. O-O-O Qe7 13. h4 Bd7 14. Ng5 h6 15.
Bh7+ Kh8 16. Bg6 Be8 17. Bd3 Rxf2 18. Nf3 Bh5 19. Rdg1 Bxf3 20. gxf3 Rxf3 21. Qe1 Raf8 22. Rg6 R8f7 23. Rhg1 Qc5 24. Qd2 Qe3 25. Qxe3 Rxe3 26. Rxe6 Rxe5 27. Reg6 Rfe7 28. Kd2 Nd4 29. R1g3 c5 30.
b3 b5 31. Rd6 c4 32. bxc4 bxc4 33. Bg6 Ne6 34. Rf3 Kg8 35. Rd8+ Nxd8 0-1

[Event "*** SCC Grand Prix: Titled Tuesday Blitz"]
[Site "Chess.com"]
[Date "2020.07.07"]
[Round "5"]
[White "ArjunErigaisi2003"]
[Black "temus_galaktionov"]
[Result "1-0"]
[WhiteElo "3016"]
[BlackElo "2656"]
[TimeControl "180+1"]
[EndTime "10:55:41 PDT"]
[Termination "ArjunErigaisi2003 won by resignation"]

1. e4 c6 2. d4 g6 3. Nf3 d6 4.
Nc3 Bg7 5. Be3 Nd7 6. Bc4 e5 7.
dxe5 dxe5 8. Ng5 Nh6 9. h4 Qe7 10. h5 b5 11. Bb3 Nc5 12. hxg6 hxg6 13. Rxh6 Bxh6 14. Bxc5 Qxc5 15. Nxf7 Bd2+ 16. Kxd2 Qxf2+ 17. Qe2 Qf4+ 18. Qe3 Rh2 19. Ne2 Qxe3+ 20. Kxe3 c5 21. Bd5 Rb8 22. Nxe5 Rxg2 23. Rh1 Kf8 24. Rh8+ Kg7 25.
Rg8+ Kf6 26. Nc6 Bg4 27. e5+ Kg5 28. Rxg6+ Kxg6 29. Nf4+ Kg5 30. Bxg2 Rh8 31. e6 Kf6 32. e7 Bd7 33. Nd5+ Kf7 34. Ne5+ Ke6 35. Nxd7 Kxd7 36. Be4 Rh5 37. e8=Q+ 1-0

[Event "*** SCC Grand Prix: Titled Tuesday Blitz"]
[Site "Chess.com"]
[Date "2020.07.07"]
[Round "5"]
[White "NikolaGry"]
[Black "enzovsky"]
[Result "0-1"]
[WhiteElo "2612"]
[BlackElo "2471"]
[TimeControl "180+1"]
[EndTime "10:55:41 PDT"]
[Termination "enzovsky won on time"]

1. e4 c6 2. d4 d5 3. f3 e5 4.
dxe5 Bc5 5. Nc3 Qb6 6. Na4 Qa5+ 7.
c3 Bxg1 8. Rxg1 dxe4 9. f4 Ne7 10.
b4 Qc7 11. Nc5 O-O 12. Nxe4 a5 13. Qd6 Qb6 14. Qc5 Qc7 15. Qd6 Qb6 16. Qc5 Nd7 17.
Qxb6 Nxb6 18. Bd2 axb4 19. cxb4 Nf5 20. g4 Nd4 21. Kf2 Nb3 22. axb3 Rxa1 23. Be2 Rxg1 24. Kxg1 Be6 25. Nc5 Ra8 26. f5 Bd5 27. Kf2 f6 28. e6 Kf8 29. Bf4 Ra2 30. Nxb7 c5 31. Bd6+ Ke8 32. Nxc5 Nc4 33. Bf4 Na3 34. Ke3 g5 35.
fxg6 hxg6 36. Bd3 g5 37. Bg6+ Ke7 38. Bg3 Nc2+ 39. Kd2 Nxb4+ 40. Kc3 Nc6 41. Ne4 Bxe4 42. Bxe4 Nd8 43. b4 Nxe6 44. b5 Nc5 45. Bc6 Re2 46. Kc4 Ne6 47. b6 Rc2+ 48. Kb5 Nd4+ 49. Ka6 Rxc6 0-1

[Event "*** SCC Grand Prix: Titled Tuesday Blitz"]
[Site "Chess.com"]
[Date "2020.07.07"]
[Round "5"]
[White "IMKarimIsmael"]
[Black "Efremov_Vlad"]
[Result "1-0"]
[WhiteElo "2406"]
[BlackElo "2214"]
[TimeControl "180+1"]
[EndTime "10:55:41 PDT"]
[Termination "IMKarimIsmael won by resignation"]

1. e4 c5 2. Nf3 e6 3. c3 Nf6 4. e5 Nd5 5. g3 Nc6 6. Bg2 d6 7.
exd6 Bxd6 8. O-O O-O 9. d4 b6 10. c4 Nde7 11. Nc3 Bb7 12. Ne4 cxd4 13. Nxd4 Nxd4 14.
Qxd4 Nf5 15. Qc3 Be7 16. Bf4 Bxe4 17. Bxe4 Bf6 18. Qc2 Nd4 19. Qd3 Rc8 20. Bxh7+ Kh8 21. Be4 e5 22. Be3 Qc7 23. Qd1 g6 24. Rc1 Rfd8 25. Qg4 Qd7 26. Qxd7 Rxd7 27. Rfe1 Rdc7 28. b3 b5 29. Bd5 bxc4 30. bxc4 Rc5 31. Kg2 Kg7 32. f4 exf4 33. gxf4 Nf5 34. Bxc5 Rxc5 35. Rb1 Bd4 36. Rb7 Ne3+ 37. Kf3 Nxd5 38. cxd5 Rxd5 39.
Ree7 Rd8 40. Rxf7+ Kg8 41. Rfd7 Rxd7 42. Rxd7 Bg7 43.
Rxa7 1-0

[Event "*** SCC Grand Prix: Titled Tuesday Blitz"]
[Site "Chess.com"]
[Date "2020.07.07"]
[Round "5"]
[White "Revnov"]
[Black "2nd_life"]
[Result "1-0"]
[WhiteElo "2689"]
[BlackElo "2478"]
[TimeControl "180+1"]
[EndTime "10:55:42 PDT"]
[Termination "Revnov won on time"]

1. e4 e5 2. Nf3 Nc6 3. Bc4 Bc5 4. d3 Nf6 5. Nc3 h6 6. a3 d6 7. Na4 Bb6 8. O-O Bg4 9. c3 O-O 10.
b4 d5 11. exd5 Nxd5 12. Re1 Qd6 13. h3 Bh5 14. g4 Bg6 15. b5 Na5 16. Rxe5 Nf6 17.
Bf4 Nxc4 18. dxc4 Qxd1+ 19. Rxd1 Bc2 20. Nxb6 axb6 21. Ra1 Bd3 22. Nd2 g5 23. Be3 Rfe8 24. Rxe8+ Rxe8 25. Bd4 Ne4 26. Nxe4 Rxe4 27. f3 Re2 28. a4 Bxc4 29. a5 Bxb5 30. axb6 cxb6 31. Ra8+ Re8 32. Ra7 Bc6 33. Kf2 b5 34. Ra1 Kh7 35.
h4 gxh4 36. Rh1 Kg6 37. Rxh4 f6 38. f4 f5 39. Be5 1-0

[Event "*** SCC Grand Prix: Titled Tuesday Blitz"]
[Site "Chess.com"]
[Date "2020.07.07"]
[Round "5"]
[White "andriipalchuk"]
[Black "GuuBol"]
[Result "1-0"]
[WhiteElo "2439"]
[BlackElo "2258"]
[TimeControl "180+1"]
[EndTime "10:55:42 PDT"]
[Termination "andriipalchuk won by resignation"]

1. e4 c5 2. c3 d5 3. exd5 Qxd5 4. d4 g6 5. Nf3 Bg7 6. Na3 cxd4 7. Nb5 Na6 8.
Nbxd4 Nf6 9. Qb3 O-O 10. Qxd5 Nxd5 11. Bc4 Nb6 12. Bb3 Nc5 13. Bc2 e5 14. Nb5 Bg4 15. Be3 Ne6 16. Ng5 Nc4 17. Nxe6 Nxe3 18. fxe3 Bxe6 19. Nc7 Rac8 20. Nxe6 fxe6 21. Bb3 Kf7 22. Ke2 Ke7 23. h4 Rf5 24. g4 Rf7 25. h5 g5 26. Rhf1 Rcf8 27. Rxf7+ Rxf7 28. Bc2 h6 29. Be4 b6 30. a4 Rf8 31. a5 Rd8 32. Bc6 Kd6 33.
Be4 Kc7 34. axb6+ Kxb6 35. Bd3 Kb7 36. Be4+ Kb6 37. Bd3 Kb7 38. Bc4 Rd6 39. Rf1 Rd7 40.
Bxe6 Re7 41. Bd5+ Kb6 42. Kd3 e4+ 43. Bxe4 Be5 44. Bd5 a5 45. Rf7 Re8 46. Rh7 Rd8 47. Ke4 Rh8 48. Rb7+ Ka6 49. Kxe5 Re8+ 50. Kd4 Rd8 51. Rh7 1-0

[Event "*** SCC Grand Prix: Titled Tuesday Blitz"]
[Site "Chess.com"]
[Date "2020.07.07"]
[Round "5"]
[White "MF1966Idrisov"]
[Black "Gandrade2"]
[Result "1-0"]
[WhiteElo "2324"]
[BlackElo "2125"]
[TimeControl "180+1"]
[EndTime "10:55:42 PDT"]
[Termination "MF1966Idrisov won by resignation"]

1. Nf3 Nf6 2. b3 d5 3. Bb2 c5 4. e3 a6 5. d4 Nc6 6. Bd3 cxd4 7.
exd4 Bg4 8. Nbd2 e6 9. a3 g6 10.
O-O Bg7 11. Qe1 O-O 12. Ne5 Qb6 13. Ndf3 Bf5 14. Qe3 Ng4 15. Nxg4 Bxg4 16. Ne5 Nxe5 17. dxe5 Qxe3 18. fxe3 Bf5 19. Bd4 Rac8 20. h3 Rc6 21. Bxf5 gxf5 22. c3 Rfc8 23. a4 Bf8 24. g4 fxg4 25.
hxg4 Bc5 26. Rab1 Kg7 27. Kf2 Kg6 28. Kf3 Be7 29. b4 Rc4 30. Ke2 Bg5 31. Kd3 h5 32.
gxh5+ Kxh5 33. Rf3 a5 34. bxa5 R8c7 35. Rg3 Rxa4 36.
Rh1+ Kg6 37. Rhg1 Rxa5 38. Rxg5+ Kh6 39. R5g2 1-0

[Event "*** SCC Grand Prix: Titled Tuesday Blitz"]
[Site "Chess.com"]
[Date "2020.07.07"]
[Round "5"]
[White "elohunter1999"]
[Black "vitnik2020"]
[Result "1-0"]
[WhiteElo "2444"]
[BlackElo "2276"]
[TimeControl "180+1"]
[EndTime "10:55:43 PDT"]
[Termination "elohunter1999 won by checkmate"]

1. e4 e5 2. Nf3 Nc6 3. Bb5 a6 4. Ba4 Nf6 5. O-O Be7 6. Re1 d6 7.
c3 Bg4 8. d3 O-O 9. Nbd2 Nd7 10. Nf1 Nc5 11. Bc2 Ne6 12. h3 Bxf3 13. Qxf3 Bg5 14.
Ne3 a5 15. g3 g6 16. Bb3 a4 17. Bd5 Rb8 18. h4 Bh6 19. a3 Kh8 20. Ng4 Bxc1 21.
Raxc1 h5 22. Nf6 Kg7 23. Nxh5+ gxh5 24. Qxh5 Qf6 25. Re3 Rh8 26. Qe2 Qg6 27. Kf1 Nf4 28.
gxf4 Rxh4 29. Rg3 Rh1+ 30. Kg2 Rxc1 31. f5 Qxg3+ 32. fxg3 Rh8 33. Qg4+ Kf6 34. Kf3 Rhh1 35. Qg8 Rcf1+ 36. Kg4 Ke7 37. Qxf7+ Kd8 38. Qf8+ Kd7 39. Be6# 1-0

[Event "*** SCC Grand Prix: Titled Tuesday Blitz"]
[Site "Chess.com"]
[Date "2020.07.07"]
[Round "5"]
[White "HouseOfDurin"]
[Black "shineatchess"]
[Result "0-1"]
[WhiteElo "2022"]
[BlackElo "2161"]
[TimeControl "180+1"]
[EndTime "10:55:43 PDT"]
[Termination "shineatchess won on time"]

1. d4 Nf6 2. Bg5 d5 3. Bxf6 exf6 4. e3 Bd6 5. c4 dxc4 6. Bxc4 O-O 7. Nc3 f5 8. g3 c6 9. a3 Nd7 10. Bf1 Nf6 11. Bg2 Re8 12. Qc2 f4 13. gxf4 Bxf4 14. Nge2 Bxe3 15. fxe3 Ng4 16. Be4 Qh4+ 17. Ng3 f5 18.
Bxf5 Nxe3 19. Qb3+ Nd5+ 20. Be4 Be6 21. Qxb7 Nxc3 22.
bxc3 Bd5 23. O-O-O Qf4+ 24. Kc2 Bxe4+ 25. Nxe4 Qxe4+ 26. Kc1 Qf4+ 27. Kc2 Re2+ 28. Kd3 Qe4+ 29. Kc4 Qd5+ 30.
Kd3 Rae8 0-1

[Event "*** SCC Grand Prix: Titled Tuesday Blitz"]
[Site "Chess.com"]
[Date "2020.07.07"]
[Round "5"]
[White "OhanyanEminChess"]
[Black "VerdeNotte"]
[Result "0-1"]
[WhiteElo "2519"]
[BlackElo "2776"]
[TimeControl "180+1"]
[EndTime "10:55:45 PDT"]
[Termination "VerdeNotte won on time"]

1. e4 e5 2. Nc3 Nf6 3. Bc4 Nc6 4. d3 Bc5 5. f4 d6 6. Nf3 Bg4 7. Na4 Nd4 8. Nxc5 dxc5 9. fxe5 Nd7 10. Bf4 Qe7 11. O-O O-O-O 12. c3 Nxf3+ 13. gxf3 Bh3 14. Rf2 g5 15. Be3 Nxe5 16. Qe2 Nxc4 17. dxc4 f6 18. Rd1 Be6 19. b3 h5 20. Rff1 Rdg8 21. Qf2 b6 22. Kh1 g4 23. f4 h4 24. f5 Bd7 25.
Qf4 Bc6 26. Rd5 g3 27. Rfd1 Re8 28. R1d3 Qxe4+ 29. Qxe4 Rxe4 30. hxg3 hxg3+ 31. Kg2 Rhe8 32. Bg1 Re1 33. Rxg3 R8e2+ 34. Bf2 Rxa2 35. Rg8+ Kb7 36. Kg3 Bxd5 37. cxd5 Ree2 0-1